 Dungeon Crawl Stone Soup version 0.29.0-5-ge4962eb29e (webtiles) character file.

Game seed: 15348879791831248501

6749 greasedhog the Basher (level 11, -1/67 HPs)
             Began as a Gargoyle Fighter on Aug 28, 2022.
             Was a Priest of Okawaru.
             Killed from afar by a raiju (5 damage)
             ... with a living lightning
             ... on level 1 of the Abyss.
             The game lasted 00:21:01 (10109 turns).

greasedhog the Basher (Gargoyle Fighter)           Turns: 10109, Time: 00:21:01

Health: -1/67      AC: 22    Str: 25    XL:     11   Next: 4%
Magic:  13/14      EV: 10    Int: 10    God:    Okawaru [***...]
Gold:   528        SH:  8    Dex: 11    Spells: 10/10 levels left

rFire   + . .      SeeInvis +   a - +1 mace (protect)
rCold   . . .      Faith    .   n - +2 buckler "Bemn" {*Corrode rF+ Str+4}
rNeg    + . .      Spirit   .   j - +0 plate armour
rPois   ∞          Reflect  .   (helmet restricted)
rElec   +          Harm     .   m - +0 cloak
rCorr   +          Rampage  .   s - +0 pair of gloves
Will    .....                   t - +0 pair of boots
Stlth   ..........              (no amulet)
HPRegen 0.21/turn               i - ring of resist corrosion
MPRegen 0.14/turn               G - ring of see invisible

@: about to teleport, heroic, studying Polearms, unable to read
A: sickness immunity, AC +8, negative energy resistance 1, electricity
resistance, torment resistance 1, petrification resistance, horns 1, inability
to read after injury 1, [deformed body]
a: Renounce Religion, Heroism


You were on level 1 of the Abyss.
You worshipped Okawaru.
Okawaru was most pleased with you.
You visited 2 branches of the dungeon, and saw 10 of its levels.
You visited the Abyss 1 time.
You also visited: Sewer.

You collected 528 gold pieces.

Inventory:

Hand Weapons
 a - a +1 mace of protection (weapon)
 b - a +0 whip of freezing
Missiles
 l - an atropa-tipped dart (quivered)
Armour
 j - a +0 plate armour (worn)
 m - a +0 cloak (worn)
 n - the +2 buckler "Bemn" (worn) {*Corrode rF+ Str+4}
   (You acquired it on level 3 of the Dungeon)

   Str:       It affects your strength (+4).
   rF:        It protects you from fire.
   *Corrode:  It may corrode you when you take damage.
 q - a +0 kite shield
 s - a +0 pair of gloves (worn)
 t - a +0 pair of boots (worn)
Jewellery
 c - a ring of ice
 i - a ring of resist corrosion (left hand)
 k - an amulet of regeneration
 o - a ring of protection from cold
 G - a ring of see invisible (right hand)
Wands
 D - a wand of polymorph (11)
Scrolls
 d - 4 scrolls of torment
 f - a scroll of teleportation
 g - 3 scrolls of poison
 u - a scroll of silence
 y - a scroll of noise {unknown}
 B - 2 scrolls of amnesia
 C - 4 scrolls of immolation
Potions
 e - a potion of curing
 h - a potion of might
 p - a potion of lignification {unknown}
 r - a potion of haste
 v - a potion of attraction
 w - 2 potions of invisibility {unknown}
 z - 4 potions of flight
 E - a potion of magic {unknown}


   Skills:
 * Level 7.4(12.4) Fighting
 * Level 11.8(16.8) Maces & Flails
 - Level 5.3(10.3) Armour
 - Level 5.1(10.1) Dodging
 - Level 5.9(10.9) Shields
 - Level 5.1 Invocations


You had 10 spell levels left.
You didn't know any spells.
Your spell library contained the following spells:

 Spells                   Type           Power      Damage    Failure   Level
 Slow                     Hex            0%         N/A       99%         1
 Confusing Touch          Hex            0%         N/A       100%        3
 Gell's Gravitas          Tloc           0%         N/A       100%        3
 Inner Flame              Hex/Fire       0%         N/A       100%        3
 Lesser Beckoning         Tloc           0%         N/A       100%        3
 Teleport Other           Tloc           0%         N/A       100%        3
 Vampiric Draining        Necr           0%         2d6       100%        3
 Cause Fear               Hex            0%         N/A       100%        4
 Dispersal                Tloc           0%         N/A       100%        6
 Eringya's Noxious Bog    Tmut/Pois      0%         N/A       100%        6
 Discord                  Hex            0%         N/A       100%        8
 Summon Forest            Summ/Tloc      Unusable   N/A       N/A         5
 Summon Hydra             Summ           Unusable   N/A       N/A         7

Dungeon Overview and Level Annotations

Branches:
Dungeon (9/15)             Temple (1/1) D:7           Sewer (visited)
   Lair: D:8-11         Orc: D:9-12

Altars:
Ashenzari
Cheibriados
Dithmenos
Elyvilon
Fedhas
Gozag
Hepliaklqana
Kikubaaqudgha
Makhleb
Nemelex Xobeh
Okawaru
Qazlal
Ru
Sif Muna
Trog
Uskayaw
Vehumet
Xom
Yredelemnul
Zin
The Shining One

Shops:
D:7 [

Annotations:
D:9 Erolcha


Innate Abilities, Weirdness & Mutations

You are immune to sickness and miasma.
Your stone body is resilient. (AC +8)
You are immune to poison.
You resist negative energy. (rN+)
You are resistant to electric shocks. (rElec)
You are resistant to unholy torment.
You are immune to petrification.
You have a pair of small horns on your head.
You occasionally lose the ability to read scrolls when taking damage.
[Armour fits poorly on your strangely shaped body.]


Message History

You feel the power of the Abyss delaying your translocation!
The raiju bursts into living lightning!
The living lightning hits you. You resist.
The raiju blinks!
The raiju bites you. The raiju shocks you. You resist.
The starcursed mass shrieks in your mind.
The raiju bites you but does no damage.
A small abomination and an ufetubus come into view.
The ufetubus shouts!
You gain the combat prowess of a mighty hero.
The raiju bursts into living lightning!
The living lightning hits you! You resist.
* * * LOW HITPOINT WARNING * * *
The raiju blinks!
You feel better. The raiju bites you but does no damage.
A starcursed mass splits.
You block the ufetubus's attack. x2
The raiju attacks as you move away! You block the raiju's attack.
The ufetubus hits you but does no damage.
The ufetubus barely misses you. The small abomination hits you!
You feel threatened and lose the ability to read scrolls!
* * * LOW HITPOINT WARNING * * *
The raiju bursts into living lightning!
The living lightning hits the ufetubus!
The ufetubus dies!
The living lightning hits you. You resist.
* * * LOW HITPOINT WARNING * * *
The raiju blinks!
A raiju comes into view.
A chorus of shrieks assaults your mind.
* * * LOW HITPOINT WARNING * * *
The raiju barks!
The small abomination attacks as you move away!
The small abomination barely misses you.
A chorus of shrieks assaults your mind.
* * * LOW HITPOINT WARNING * * *
You feel better. The small abomination hits you!
* * * LOW HITPOINT WARNING * * *
The raiju bursts into living lightning!
The living lightning hits you. You resist.
You die...

. ...... .. .. #.
##..# ..
###..##..##..##.. .
............... ..
.. .......... .. #..
#..##..# .#
###..##..##..##..##.
#......h.X.hx.......
.##.#.#.§.#@.#....
#.######....#. #X#
#...# #.# #### ..#
### .. .# ..


You could see a starcursed mass, 2 raiju and a small abomination.

Vanquished Creatures
  A boulder beetle (D:8)
  Pikel (D:4)
  Maurice (D:8)
  Maggie (D:8)
  Prince Ribbit (D:8)
  A ynoxinul (Abyss:1)
  5 yaks (D:8)
  2 steam dragons
  3 acid dragons
  4 water moccasins
  An orc warrior (D:9)
  3 black bears
  3 ogres
  3 sky beasts
  A centaur (D:6)
  2 phantoms
  3 kobold brigands
  4 bullfrogs
  A necrophage (D:4)
  A gnoll sergeant (D:8)
  A scorpion (D:6)
  3 wights (D:8)
  6 killer bees (D:8)
  A howler monkey (D:8)
  2 hounds (D:6)
  2 jellies (D:8)
  A gnoll bouda (D:7)
  4 orc priests
  4 iguanas
  8 orc wizards
  8 gnolls
  11 adders
  2 ufetubi (D:5)
  3 dart slugs
  28 orcs
  5 bats
  8 endoplasms
  9 giant cockroaches
  10 goblins
  A hobgoblin (D:4)
  3 jackals
  14 kobolds
  3 quokkas
  5 ball pythons
  4 frilled lizards
  9 rats
197 creatures vanquished.

Vanquished Creatures (others)
  A gnoll (D:9)
  An ufetubus (Abyss:1)
2 creatures vanquished.

Grand Total: 199 creatures vanquished

Notes
Turn   | Place    | Note
-------+----------+-------------------------------------------
     0 | D:1      | greasedhog the Gargoyle Fighter began the quest for the
                  | Orb.
     0 | D:1      | Reached XP level 1. HP: 14/14 MP: 1/1
   126 | D:1      | Reached XP level 2. HP: 19/19 MP: 2/2
   413 | D:1      | Reached XP level 3. HP: 13/24 MP: 3/3
   902 | D:2      | Reached skill level 3 in Maces & Flails
  1358 | D:3      | Identified a scroll of acquirement
  1359 | D:3      | Acquired the +2 buckler "Bemn" {*Corrode rF+ Str+4}
  1479 | D:3      | Reached XP level 4. HP: 30/30 MP: 4/4
  1782 | D:3      | Identified the +0 robe of Tenacity {rC+ Int+2}
  2037 | D:4      | Noticed a necrophage
  2049 | D:4      | Killed a necrophage
  2050 | D:4      | Reached skill level 5 in Fighting
  2050 | D:4      | Reached skill level 4 in Maces & Flails
  2050 | D:4      | Reached XP level 5. HP: 26/35 MP: 5/5
  2147 | D:4      | Noticed a black bear
  2160 | D:4      | Killed a black bear
  2161 | D:4      | Reached XP level 6. HP: 40/40 MP: 6/6
  2530 | D:4      | Noticed Pikel
  2546 | D:4      | Killed Pikel
  2547 | D:4      | Reached skill level 6 in Maces & Flails
  2547 | D:4      | Reached skill level 5 in Shields
  2547 | D:4      | Reached XP level 7. HP: 44/44 MP: 7/7
  2663 | D:5      | Entered Level 5 of the Dungeon
  2782 | D:5      | HP: 2/44 [ogre/+0 giant club (12)]
  2790 | D:5      | Reached XP level 8. HP: 4/49 MP: 8/8
  3337 | D:5      | Reached skill level 7 in Maces & Flails
  3461 | D:5      | Reached skill level 5 in Armour
  3998 | D:5      | Gained mutation: You occasionally lose the ability to read
                  | scrolls when taking damage. [potion of mutation]
  3998 | D:5      | Gained mutation: You have a pair of small horns on your
                  | head. [potion of mutation]
  4663 | D:6      | Reached skill level 1 in Dodging
  4860 | D:6      | Found a white marble altar of Elyvilon.
  4945 | D:6      | Noticed an angel
  4946 | D:6      | Found a glowing silver altar of Zin.
  5028 | D:6      | Found a glowing drain.
  5069 | Sewer    | Entered a sewer
  5146 | Sewer    | Reached skill level 8 in Maces & Flails
  5148 | Sewer    | Reached XP level 9. HP: 38/54 MP: 9/9
  5298 | Sewer    | Found a white marble altar of Elyvilon.
  6138 | D:7      | Reached skill level 9 in Maces & Flails
  6148 | D:7      | Found a staircase to the Ecumenical Temple.
  6158 | Temple   | Entered the Ecumenical Temple
  6368 | Temple   | Became a worshipper of Warmaster Okawaru
  6483 | D:7      | Found Thor's Dragon-Slaying Spoils.
  6726 | D:7      | Identified the +6 dagger "Orho" {spect, rF+ Int+2}
  7214 | D:7      | Reached skill level 5 in Dodging
  7281 | D:8      | Found a radiant altar of Vehumet.
  7377 | D:8      | Found an ancient bone altar of Kikubaaqudgha.
  7399 | D:8      | Reached * piety under Okawaru
  7400 | D:8      | Reached skill level 1 in Invocations
  7417 | D:8      | Noticed a boulder beetle
  7419 | D:8      | Noticed Maurice
  7425 | D:8      | Reached skill level 10 in Maces & Flails
  7425 | D:8      | Reached XP level 10. HP: 50/59 MP: 11/11
  7446 | D:8      | Killed a boulder beetle
  7547 | D:8      | Killed Maurice
  7604 | D:8      | Reached skill level 5 in Invocations
  7609 | D:8      | Reached ** piety under Okawaru
  7902 | D:8      | Reached skill level 11 in Maces & Flails
  8112 | D:8      | Noticed Maggie
  8128 | D:8      | Killed Maggie
  8335 | D:8      | Found a bloodstained altar of Trog.
  8335 | D:8      | Found a sparkling altar of Nemelex Xobeh.
  8371 | D:8      | Found a shimmering altar of Xom.
  8525 | D:8      | Reached *** piety under Okawaru
  8769 | D:8      | Noticed Prince Ribbit
  8830 | D:8      | Killed Prince Ribbit
  9003 | D:8      | Found a hide-covered altar of Uskayaw.
  9163 | D:9      | Noticed Erolcha
  9357 | D:9      | Reached XP level 11. HP: 67/67 MP: 14/14
  9451 | D:9      | Paralysed by an orc for 3 turns
  9745 | Abyss:1  | Cast into level 1 of the Abyss (Erolcha)
  9842 | Abyss:1  | Noticed a wretched star
  9844 | Abyss:1  | Noticed an eidolon
  9915 | Abyss:1  | Noticed an oklob plant
  9953 | Abyss:1  | Found a corrupted altar of Lugonu.
 10062 | Abyss:1  | Noticed a starcursed mass
 10109 | Abyss:1  | Killed from afar by a raiju

Illustrated notes

Levels and vault maps discovered:
D:1:      onia_arrival_mini_spirals, layout_rooms,
          hangedman_decor_clover_reticule, minmay_misc_feat_columns,
          minmay_octomino_c4
D:2:      layout_rooms, hangedman_decor_growths
D:3:      layout_loops_ring
D:4:      layout_rooms, minmay_small_thing, uniq_pikel
D:5:      layout_loops_ring, enter_ossuary_1
D:6:      layout_rooms, zin_angel, elyvilon_altar_4, gup_sewer_entry_pipe,
          minmay_bent
D:7:      layout_basic, minmay_temple_entry_large_hall,
          nicolae_shop_dragon_depot, minivault_22,
          chequers_serial_rivers_large_a
D:8:      layout_rooms, gammafunk_temple_overflow_elements, lemuel_doored_altar,
          old_standard_altar, dk_xom_monty_hall,
          nicolae_kikubaaqudgha_miasma_corner, grunt_ministairs_10,
          minmay_manual_mess, uniq_maurice, uniq_maggie, uniq_prince_ribbit1
D:9:      layout_layer_cave, minmay_st_funbox, uniq_erolcha
Temple:   nicolae_temple_figure_eight
Abyss:1:  base: D:5, evilmike_abyss_exit_13

Skill      XL: |  1  2  3  4  5  6  7  8  9 10 |
---------------+-------------------------------+-----
Fighting       | 4 5 7 |  7.4
Maces & Flails | 3 4 6 8 10 11 | 11.8
Shields        | 4 5 |  5.9
Armour         | 4 5 |  5.3
Dodging        | 2 5 |  5.1
Invocations    | 2 5 |  5.1

Action                   |  1- 3 |  4- 6 |  7- 9 | 10-12 || total
-------------------------+-------+-------+-------+-------++-------
Melee: Flail             |   120 |    94 |       |       ||   214
       Whip              |       |       |   560 |    74 ||   634
       Headbutt          |       |       |    63 |    61 ||   124
       Mace              |       |       |       |   266 ||   266
Throw: Dart              |       |       |    19 |     6 ||    25
Invok: Heroism           |       |       |       |     8 ||     8
Evoke: Wand              |       |       |       |     1 ||     1
  Use: Scroll            |     5 |     2 |     4 |     7 ||    18
       Potion            |       |     1 |     8 |     5 ||    14
 Stab: Invisible         |       |       |     1 |     1 ||     2
Armor: Scale mail        |    62 |    34 |       |       ||    96
       Chain mail        |       |     9 |   253 |    60 ||   322
       Swamp dragon scal |       |       |       |    27 ||    27
       Plate armour      |       |       |       |   115 ||   115
Dodge: Dodged            |    56 |    27 |   133 |   138 ||   354
Block: Buckler           |    31 |    34 |   158 |   132 ||   355
